 Dungeon Crawl Stone Soup version 0.29-a0-845-g6161e89988 (webtiles) character file.

Game seed: 12835961253999165778

1905 kevlar127 the Grappler (level 8, -8/79 (87) HPs)
             Began as a Troll Berserker on July 15, 2022.
             Was a Priest of Trog.
             Mangled by a wyvern (10 damage)
             ... on level 7 of the Dungeon.
             The game lasted 00:18:30 (5826 turns).

kevlar127 the Grappler (Troll Berserker)            Turns: 5826, Time: 00:18:30

HP:   -8/79 (87)    AC:  6    Str: 28    XL:     8   Next: 94%
MP:   7/7           EV: 10    Int:  3    God:    Trog [***...]
Gold: 74            SH:  0    Dex: 15    Spells: 7/7 levels left

rFire   . . .      SeeInvis .     - Unarmed
rCold   . . .      Faith    .   (no shield)
rNeg    . . .      Spirit   .   a - +0 animal skin
rPois   .          Reflect  .   (helmet restricted)
rElec   .          Harm     .   n - +1 cloak
rCorr   .          Rampage  .   (gloves unavailable)
Will    .....                   (boots unavailable)
Stlth   +.........              (no amulet)
HPRegen 1.03/turn               z - +6 ring of dexterity
MPRegen 0.10/turn               (no ring)

@: drained
A: large, unfitting armour, claws 3, regeneration 1, shaggy fur 1, tough skin 1
a: Renounce Religion, Berserk, Trog's Hand


You were on level 7 of the Dungeon.
You worshipped Trog.
Trog was most pleased with you.
You visited 1 branch of the dungeon, and saw 7 of its levels.

You collected 228 gold pieces.
You spent 154 gold pieces at shops.

Inventory:

Missiles
 e - 30 stones (quivered)
 k - 3 throwing nets
 m - 9 javelins
 t - 15 poisoned darts
Armour
 a - a +0 animal skin (worn)
 n - a +1 cloak (worn)
Jewellery
 z - a +6 ring of dexterity (left claw)
Wands
 v - a wand of quicksilver (6)
 A - a wand of polymorph (13)
 C - a wand of flame (22)
Scrolls
 b - 2 scrolls of teleportation
 c - a scroll of enchant armour
 j - 6 scrolls of identify
 l - 2 scrolls of fog
 o - 2 scrolls of silence
 w - 2 scrolls of noise
 x - 2 scrolls of vulnerability
 y - a scroll of immolation
 B - 2 scrolls of magic mapping {unknown}
Potions
 d - a potion of ambrosia {unknown}
 f - a potion of invisibility {unknown}
 g - 3 potions of heal wounds
 h - a potion of lignification {unknown}
 i - 4 potions of curing
 p - a potion of cancellation {unknown}
 q - 2 potions of flight {unknown}
 r - 2 potions of haste {unknown}
 s - a potion of magic {unknown}
 u - 2 potions of attraction {unknown}


   Skills:
 + Level 7.2 Fighting
 + Level 0.0 Throwing
 - Level 3.0 Dodging
 + Level 8.7 Unarmed Combat


You had 7 spell levels left.
You didn't know any spells.
Your spell library was empty.

Dungeon Overview and Level Annotations

Branches:
Dungeon (7/15)             Temple (0/1) D:6

Altars:
Ashenzari
Elyvilon
Okawaru
Ru
Trog

Shops:
D:3 ?=(   D:5 [


Innate Abilities, Weirdness & Mutations

You are too large for most types of armour.
You have claws for hands.
Your natural rate of healing is unusually fast.
You are covered in fur. (AC +1)
You have tough skin. (AC +1)


Message History

You scratch the gnoll but do no damage. You mangle the gnoll!!
You kill the gnoll!
Trog accepts your kill.
The gnoll sergeant hits you from afar with a +0 spear!
The gnoll barely misses you.
Found 6 stones.
The wight hits you with a +3 falchion.
You feel drained. The gnoll hits you but does no damage.
The gnoll sergeant misses you. The gnoll barely misses you.
You claw the gnoll sergeant!
The gnoll sergeant is heavily wounded.
The gnoll hits you but does no damage. The gnoll sergeant closely misses you.
The wight closely misses you.
You barely miss the gnoll sergeant.
The gnoll sergeant is heavily wounded.
The wight hits you with a +3 falchion.
You feel drained. The gnoll closely misses you. x2
The gnoll sergeant hits you but does no damage.
The wight hits you but does no damage.
You scratch the gnoll sergeant but do no damage.
The gnoll sergeant is heavily wounded.
The gnoll hits you with a +0 halberd!
The gnoll hits you from afar with a +0 spear.
The gnoll sergeant hits you with a +0 spear!
The wight hits you with a +3 falchion! The wyvern closely misses you.
The wight hits you with a +4 dire flail!
You feel drained.
The wight hits you from afar with a +2 spear!
You feel drained. The wyvern misses you. The gnoll hits you with a +0 halberd!
* * * LOW HITPOINT WARNING * * *
The gnoll sergeant hits you from afar with a +0 spear!
* * * LOW HITPOINT WARNING * * *
The gnoll attacks as you move away! The gnoll completely misses you.
The wyvern bites you but does no damage.
The gnoll closely misses you. The wyvern bites you.
* * * LOW HITPOINT WARNING * * *
The wyvern bites you!
You die...

≈≈≈≈ ..≈≈≈≈≈
..=.≈≈ ..... #..#
#####.# ####
##..z.g##....(
..###>..zz........
#......@lg........
#.##......g.......
#..............
#..............
#..............
#.............#
##............#
##.....##....#


You could see a wyvern, a gnoll sergeant, 3 wights and 2 gnolls.

Vanquished Creatures
  Pikel (D:5)
  A black bear (D:6)
  3 ogres
  A centaur (D:3)
  2 lemures (D:5)
  4 scorpions
  2 howler monkeys
  4 jellies
  A gnoll bouda (D:5)
  An orc priest (D:5)
  Crazy Yiuf (D:2)
  3 iguanas (D:5)
  Jessica (D:2)
  Ijyb (D:5)
  An orc wizard (D:6)
  11 adders
  12 gnolls
  A shadow imp (D:6)
  2 white imps
  3 worms
  2 dart slugs
  18 orcs
  4 ball pythons
  6 bats
  7 endoplasms
  2 giant cockroaches
  9 goblins
  4 hobgoblins (D:3)
  6 jackals
  4 quokkas
  3 frilled lizards
  6 kobolds
  5 rats
132 creatures vanquished.

Vanquished Creatures (others)
  A plant (D:3)
1 creature vanquished.

Grand Total: 133 creatures vanquished

Notes
Turn   | Place    | Note
-------+----------+-------------------------------------------
     0 | D:1      | kevlar127 the Troll Berserker began the quest for the Orb.
     0 | D:1      | Reached XP level 1. HP: 22/22 MP: 0/0
   546 | D:1      | Reached XP level 2. HP: 28/29 MP: 1/1
  1112 | D:2      | Reached XP level 3. HP: 21/36 MP: 2/2
  1140 | D:2      | Reached XP level 4. HP: 39/45 MP: 3/3
  1182 | D:2      | Noticed Jessica
  1184 | D:2      | Killed Jessica
  1184 | D:2      | Reached ** piety under Trog
  1185 | D:2      | Reached skill level 4 in Unarmed Combat
  1198 | D:2      | Found a faded altar of an unknown god.
  1289 | D:2      | Found a runed translucent door.
  1290 | D:2      | Noticed Crazy Yiuf
  1406 | D:2      | Reached XP level 5. HP: 42/53 MP: 4/4
  1672 | D:2      | Killed Crazy Yiuf
  1802 | D:3      | Noticed a centaur
  1810 | D:3      | Killed a centaur
  1834 | D:3      | Reached skill level 5 in Unarmed Combat
  1857 | D:3      | Found Settoff's Antique Weapon Emporium.
  1889 | D:3      | Reached XP level 6. HP: 62/62 MP: 5/5
  1926 | D:3      | Found an iron altar of Okawaru.
  1990 | D:3      | Found a white marble altar of Elyvilon.
  2105 | D:3      | Found Poodid's Jewellery Boutique.
  2246 | D:3      | Found a bloodstained altar of Trog.
  2254 | D:3      | Found Zagety's Magic Scroll Emporium.
  2346 | D:3      | Bought a scroll of vulnerability for 44 gold pieces
  2346 | D:3      | Bought a scroll of fog for 44 gold pieces
  2346 | D:3      | Bought a scroll of immolation for 44 gold pieces
  2346 | D:3      | Bought a scroll of identify for 22 gold pieces
  2460 | D:4      | Reached *** piety under Trog
  2647 | D:4      | Found a glowing drain.
  3185 | D:5      | Entered Level 5 of the Dungeon
  3215 | D:5      | Noticed Pikel
  3215 | D:5      | Noticed Ijyb
  3217 | D:5      | Found a sacrificial altar of Ru.
  3772 | D:5      | Reached XP level 7. HP: 71/71 MP: 6/6
  3784 | D:5      | Found a broken altar of Ashenzari.
  4143 | D:5      | Reached skill level 6 in Unarmed Combat
  4225 | D:5      | Reached skill level 5 in Fighting
  4558 | D:5      | Killed Pikel
  4559 | D:5      | Reached skill level 7 in Unarmed Combat
  4559 | D:5      | Reached XP level 8. HP: 54/83 MP: 7/7
  4620 | D:5      | Killed Ijyb
  4716 | D:5      | Found Nit Xeppo's Armour Shoppe.
  5118 | D:6      | Reached skill level 8 in Unarmed Combat
  5293 | D:6      | Found a staircase to the Ecumenical Temple.
  5823 | D:7      | HP: 3/79 [gnoll sergeant/+0 spear (11)]
  5825 | D:7      | HP: 1/79 [wyvern (4)]
  5826 | D:7      | Mangled by a wyvern

Illustrated notes

Levels and vault maps discovered:
D:1:      dpeg_arrival_orchard, layout_basic, minmay_close_crescents
D:2:      layout_rooms, hellmonk_ecumenical_altar_blasted,
          amcnicky_mini_pool_small, uniq_jessica, uniq_crazy_yiuf_cottage
D:3:      layout_basic, mainiacjoe_overflow_concentric_impassable,
          mainiacjoe_overflow_catwalk, amcnicky_altar_gilded, serial_shops,
          nicolae_shop_overgrown_old_shop, nicolae_lakefront_shop, shop,
          corexii_item_surrounded_by_moat, st_stairs_3,
          hangedman_abyss_or_decor_stabs
D:4:      layout_layer_cave, cheibrodos_sewer_entry_bend, moated_statue
D:5:      layout_basic, grunt_temple_overflow_open, serial_shops,
          nicolae_shop_statue_plus, kennysheep_another_room, uniq_ijyb,
          uniq_pikel
D:6:      layout_loops_ring, temple_hall
D:7:      statuecave_lemuel, layout_rooms, mainiacjoe_overflow_alcove_4,
          bloody_makhleb, serial_shops, shop, nicolae_shop_dragon_depot,
          nicolae_titane

Skill      XL: |  1  2  3  4  5  6  7  8 |
---------------+-------------------------+-----
Fighting       | 3 4 6 7 |  7.2
Dodging        | 3 |  3.0
Unarmed Combat | 4 5 7 8 |  8.7

Action                   |  1- 3 |  4- 6 |  7- 9 || total
-------------------------+-------+-------+-------++-------
Melee: Unarmed           |    68 |   170 |   145 ||   383
       Punch             |     4 |     3 |     3 ||    10
Throw: Stone             |       |       |     4 ||     4
Invok: Berserk           |     1 |     4 |     1 ||     6
       Trog's Hand       |       |       |     2 ||     2
  Use: Scroll            |       |     1 |     4 ||     5
 Stab: Invisible         |       |     1 |       ||     1
       Sleeping          |       |     1 |       ||     1
Armor: Animal skin       |    25 |    70 |    37 ||   132
Dodge: Dodged            |    32 |   110 |    81 ||   223

Table legend: (Time is in decaauts)
 A = Elapsed time spent in this place.
 B = Non-inter-level travel time spent in this place.
 C = Inter-level travel time spent in this place.
 D = Time resting spent in this place.
 E = Time spent auto-exploring this place.
 F = Levels seen in this place.
 G = Mean time per level.
                   A        B        C        D        E       F      G
               +--------+--------+--------+--------+--------+-----+--------+
         Total |   5836 |   5406 |    430 |   1299 |   3228 |   7 |  833.7 |
       Dungeon |   5836 |   5406 |    430 |   1299 |   3228 |   7 |  833.7 |
               +--------+--------+--------+--------+--------+-----+--------+

Top non-repeatable levels by time:
     D:5: 1462 daAuts
     D:4: 1318 daAuts
     D:1: 1069 daAuts
     D:2: 724 daAuts
     D:6: 656 daAuts
     D:3: 592 daAuts
     D:7: 12 daAuts
